 Dungeon Crawl Stone Soup version 0.20.1-1-g8b1a95d (webtiles) character file.

1026 Andry07 the Fighter (level 8, -1/56 HPs)
             Began as a Gargoyle Fighter on Oct 6, 2017.
             Slain by Andry07's ghost (8 damage)
             ... on level 6 of the Dungeon.
             The game lasted 00:06:03 (4100 turns).

Andry07 the Fighter (Gargoyle Fighter)              Turns: 4100, Time: 00:06:04

Health: -1/56      AC: 17    Str: 25    XL:     8   Next: 23%
Magic:  8/8        EV:  8    Int: 12    God:
Gold:   276        SH: 10    Dex:  9    Spells: 7/7 levels left

rFire    . . .     SeeInvis .   B - +11 dagger of Laajib {pierce, Fragile Str+4 Int+2}
rCold    . . .     Gourm    .   c - +0 shield
rNeg     + . .     Faith    .   b - +0 scale mail
rPois    ∞         Spirit   .   o - +0 helmet
rElec    +         Reflect  .   (no cloak)
rCorr    .         Harm     .   F - +0 pair of gloves
MR       .....                  v - +1 pair of boots {Fly}
Stlth    ..........             (no amulet)
Regen    0.2/turn               (no ring)
MPRegen  0.2/turn               (no ring)

@: flying
A: negative energy resistance 1, electricity resistance, unbreathing,
petrification resistance, rot immunity, AC +5
a: Stop Flying


You were on level 6 of the Dungeon.
You were not hungry.

You visited 1 branch of the dungeon, and saw 6 of its levels.

You collected 276 gold pieces.

Inventory:

Hand Weapons
 a - a +0 flail
 B - the +11 dagger of Laajib (weapon) {pierce, Fragile Str+4 Int+2}
   (You found it on level 4 of the Dungeon)

   It inflicts extra damage upon your enemies.
   It affects your strength (+4).
   It affects your intelligence (+2).
   It will be destroyed if unequipped.
Armour
 b - a +0 scale mail (worn)
 c - a +0 shield (worn)
 o - a +0 helmet (worn)
 v - a +1 pair of boots of flying (worn)
 F - a +0 pair of gloves (worn)
Jewellery
 k - an uncursed ring of stealth {unknown}
 y - a cursed amulet of magic regeneration {unknown}
Wands
 C - a wand of random effects (11/48)
Scrolls
 g - 4 scrolls of enchant armour {unknown}
 h - a scroll of noise {unknown}
 j - 2 scrolls of magic mapping {unknown}
 l - 9 scrolls of teleportation {unknown}
 n - a scroll of enchant weapon {unknown}
 p - 2 scrolls of recharging {unknown}
 s - 4 scrolls of identify {unknown}
 t - 5 scrolls of remove curse {unknown}
Potions
 d - a potion of might
 e - a potion of degeneration {unknown}
 i - a potion of brilliance {unknown}
 q - a potion of lignification {unknown}
 r - a potion of heal wounds {unknown}
 u - a potion of ambrosia {unknown}
 w - a potion of magic {unknown}
 z - a potion of invisibility {unknown}
 A - 3 potions of curing {unknown}
 E - a potion of agility {unknown}
Books
 D - a book of Callings

   Spells                             Type                      Level
   a - Summon Small Mammal            Summoning                    1
   b - Call Imp                       Summoning                    2
   c - Call Canine Familiar           Summoning                    3
   d - Summon Guardian Golem          Hexes/Summoning              3
   e - Summon Lightning Spire         Summoning/Air                4
   f - Summon Ice Beast               Ice/Summoning                4
Comestibles
 f - 5 bread rations
 m - 3 fruits
 x - 2 meat rations


   Skills:
 + Level 9.0 Fighting
 - Level 2.0 Maces & Flails
 + Level 5.2 Armour
 + Level 5.2 Shields


You had 7 spell levels left.
You didn't know any spells.

Dungeon Overview and Level Annotations

Branches:
Dungeon (6/15)
 Temple: D:4-7

Altars:
Makhleb
Zin
The Shining One

Shops:
D:5 *

Annotations:
D:6 Andry07's ghost, novice GrFi


Innate Abilities, Weirdness & Mutations

You are resistant to torment.
Your stone body is resilient. (AC +5)
You are immune to poison.
You resist negative energy. (rN+)
You are resistant to electric shocks. (rElec)
You can survive without breathing.
You are immune to petrification.
You are immune to rotting.


Message History

Andry07's ghost hits you.
* * * LOW HITPOINT WARNING * * *
You hit Andry07's ghost but do no damage.
Andry07's ghost is heavily damaged.
Andry07's ghost hits you but does no damage.
You puncture Andry07's ghost!
Andry07's ghost is heavily damaged.
Andry07's ghost hits you but does no damage.
You hit Andry07's ghost but do no damage.
Andry07's ghost is heavily damaged.
Andry07's ghost hits you!
* * * LOW HITPOINT WARNING * * *
Andry07's ghost hits you but does no damage.
You hit Andry07's ghost but do no damage.
Andry07's ghost is heavily damaged.
Andry07's ghost closely misses you.
You hit Andry07's ghost.
Andry07's ghost is severely damaged.
Andry07's ghost hits you!
You die...

#.#.#.##....# #.#.....
#.#.#.##....###.#.###.
#.....##.....##.#.# #.
#<............#.#.# #.
#.#######.....#.#.# #. #.#
#####.....#.#.# #. #.# #..
..###...#.# #. #.#
#W########..#.###.
.######.###@#.........#.....
.........(#.#...#####.######
######.#.#[#<.......>..#
#....#.#.##.##########
#.####.#....#### #.#
#.........# #.############.#
#............#.#
#########....#.#


You could see Andry07's ghost.

Vanquished Creatures
  A hippogriff (D:3)
  An ice beast (D:6)
  The ghost of Cadence the Magician, an amateur DEAE (D:3)
  A bullfrog (D:6)
  5 wights (D:6)
  A howler monkey (D:4)
  2 centaur zombies (D:5)
  3 hounds (D:5)
  A gnoll shaman (D:5)
  A worker ant (D:4)
  3 gnolls (D:5)
  A howler monkey skeleton (D:4)
  3 adders
  A shadow imp (D:5)
  An adder skeleton (D:4)
  A worm (D:4)
  2 leopard geckos
  9 orcs
  7 giant cockroaches
  10 goblins
  6 hobgoblins
  4 jackals (D:2)
  12 kobolds
  2 quokkas
  5 ball pythons
  9 bats
  A frilled lizard (D:1)
  A leopard gecko skeleton (D:4)
  A leopard gecko zombie (D:6)
  A quokka skeleton (D:5)
  3 rats
100 creatures vanquished.

Notes
Turn   | Place    | Note
-------+----------+-------------------------------------------
     0 | D:1      | Andry07 the Gargoyle Fighter began the quest for the Orb.
     0 | D:1      | Reached XP level 1. HP: 14/14 MP: 1/1
    78 | D:1      | Reached XP level 2. HP: 20/20 MP: 2/2
    84 | D:1      | Reached skill level 4 in Fighting
   184 | D:1      | Reached XP level 3. HP: 19/24 MP: 3/3
   786 | D:2      | Reached skill level 5 in Fighting
  1032 | D:2      | Reached XP level 4. HP: 31/31 MP: 4/4
  1311 | D:3      | Noticed Cadence's ghost (amateur DEAE)
  1359 | D:3      | Killed Cadence's ghost
  1359 | D:3      | Reached skill level 6 in Fighting
  1359 | D:3      | Reached XP level 5. HP: 21/36 MP: 5/5
  1401 | D:3      | Found a faded altar of an unknown god.
  1411 | D:3      | Noticed a hippogriff
  1420 | D:3      | Killed a hippogriff
  1420 | D:3      | Reached skill level 7 in Fighting
  1420 | D:3      | Reached XP level 6. HP: 20/44 MP: 6/6
  2043 | D:3      | Found a burning altar of Makhleb.
  2279 | D:4      | Got an ichor-stained dagger
  2280 | D:4      | Identified the +11 dagger of Laajib {pierce, Fragile Str+4 Int+2} (You found it on level 4 of the Dungeon)
  2365 | D:4      | Found a glowing golden altar of the Shining One.
  2529 | D:4      | Reached skill level 8 in Fighting
  2774 | D:4      | Reached XP level 7. HP: 49/49 MP: 7/7
  3119 | D:5      | Entered Level 5 of the Dungeon
  3391 | D:5      | Found a glowing silver altar of Zin.
  3561 | D:5      | Found Lopanute's Assorted Antiques.
  3878 | D:6      | Reached skill level 5 in Armour
  3878 | D:6      | Reached skill level 5 in Shields
  3878 | D:6      | Reached XP level 8. HP: 35/56 MP: 8/8
  3891 | D:6      | Reached skill level 9 in Fighting
  4078 | D:6      | Noticed Andry07's ghost (novice GrFi)
  4100 | D:6      | Slain by Andry07's ghost

Skill      XL: |  1  2  3  4  5  6  7  8 |
---------------+-------------------------+-----
Fighting       | 4 5 6 7 8 9 |  9.0
Armour         | 5 |  5.2
Shields        | 5 |  5.2
Maces & Flails | |  2.0

Action                   |  1- 3 |  4- 6 |  7- 9 || total
-------------------------+-------+-------+-------++-------
Melee: Flail             |   143 |   142 |       ||   285
       Dagger            |       |    16 |   108 ||   124
  Eat: Chunk             |       |     7 |     4 ||    11
       Fruit             |       |       |     1 ||     1
Armor: Scale mail        |    91 |    89 |    42 ||   222
Dodge: Dodged            |    61 |    46 |    26 ||   133
Block: Shield            |    77 |    87 |    60 ||   224
